 Dungeon Crawl Stone Soup version 0.28.0 (webtiles) character file.

Game seed: 11248879425611545305

235 AmazingTV the Skirmisher (level 5, -12/47 HPs)
             Began as a Minotaur Fighter on July 5, 2022.
             Was an Initiate of Okawaru.
             Mangled by an ogre (19 damage)
             ... on level 3 of the Dungeon.
             The game lasted 00:05:21 (3476 turns).

AmazingTV the Skirmisher (Minotaur Fighter)         Turns: 3476, Time: 00:05:21

Health: -12/47     AC:  7    Str: 22    XL:     5   Next: 76%
Magic:  5/5        EV:  9    Int:  5    God:    Okawaru [......]
Gold:   98         SH:  4    Dex: 10    Spells: 4/4 levels left

rFire   . . .      SeeInvis .   b - +2 whip (vamp) {mace}
rCold   . . .      Faith    .   c - +0 buckler
rNeg    . . .      Spirit   .   s - +0 scale mail
rPois   .          Reflect  .   (helmet restricted)
rElec   .          Harm     .   (no cloak)
rCorr   .          Rampage  .   (no gloves)
Will    .....                   (no boots)
Stlth   ..........              (no amulet)
HPRegen 0.15/turn               (no ring)
MPRegen 0.09/turn               (no ring)

@: no status effects
A: horns 2, retaliatory headbutt
a: Renounce Religion


You were on level 3 of the Dungeon.
You worshipped Okawaru.
Okawaru was noncommittal.
You visited 2 branches of the dungeon, and saw 5 of its levels.

You collected 98 gold pieces.


Innate Abilities, Weirdness & Mutations

You have a pair of horns on your head.
You reflexively headbutt those who attack you in melee.


   Skills:
 + Level 4.9 Fighting
 + Level 3.9 Maces & Flails
 + Level 4.8 Armour
 + Level 4.7 Shields
 + Level 2.1 Invocations


You had 4 spell levels left.
You didn't know any spells.
Your spell library contained the following spells:

 Spells                   Type           Power      Damage    Failure   Level
 Apportation              Tloc           0%         N/A       86%         1
 Sandblast                Erth           0%         2d4       86%         1
 Corpse Rot               Necr/Air       0%         N/A       95%         2
 Passwall                 Tmut/Erth      0%         N/A       95%         2
 Stone Arrow              Conj/Erth      0%         3d7       99%         3
 Dispel Undead            Necr           0%         3d6       100%        4
 Animate Skeleton         Necr           Unusable   N/A       N/A         1
 Summon Small Mammal      Summ           Unusable   N/A       N/A         1
 Death Channel            Necr           Unusable   N/A       N/A         6

Inventory:

Hand Weapons
 a - a +0 flail {mace}
 b - a +2 vampiric whip (weapon) {mace}
   (You found it on level 2 of the Dungeon)
Missiles
 h - 70 stones
 j - 25 arrows
 o - 17 bolts
Armour
 c - a +0 buckler (worn)
 s - a +0 scale mail (worn)
Wands
 m - a wand of paralysis (7) (quivered)
   (You found it on level 2 of the Dungeon)
Scrolls
 e - a scroll of fear {unknown}
 f - 3 scrolls of identify {unknown}
 k - a scroll of holy word {unknown}
 l - a scroll of amnesia {unknown}
 n - a scroll of enchant weapon {unknown}
 p - a scroll of teleportation {unknown}
 u - a scroll of brand weapon {unknown}
 x - a scroll of acquirement {unknown}
Potions
 d - a potion of might
 g - 2 potions of curing {unknown}
 i - a potion of berserk rage {unknown}
 q - a potion of resistance {unknown}
 t - a potion of brilliance {unknown}
 v - a potion of degeneration {unknown}
 w - a potion of heal wounds {unknown}

Dungeon Overview and Level Annotations

Branches:
Dungeon (4/15)             Temple (1/1) D:4

Altars:
Ashenzari
Elyvilon
Fedhas
Gozag
Hepliaklqana
Makhleb
Nemelex Xobeh
Okawaru
Qazlal
Ru
Sif Muna
Trog
Uskayaw
Vehumet
The Shining One

### #.# #.# #.######## #........#
#.######.# #.#..#.#.#
################O#....#.#########
...............#@##.#.#..........
##############.#.#..#..........##
#######.#.#.##...........#
#.......#.#.##.##...###..# ##
#.##'######.##.##...# #..#
.#######.##.....##.##.##...# #..#
..........#8###.##.##.##...###..#
.#######.##..P#.##.##...........#
.........##.#.#.#..####.........#


You could see an ogre (inner flame).


Message History

😕 HP[-5]
You take 5 damage, and now have 39/47 hp.
The hound stops to sniff the ground.
The hound bites you but does no damage. 😕 HP[+1]
You barely miss the hound. Your headbutt misses the hound.
The hound closely misses you. You furiously retaliate!
You headbutt the hound.
You kill the hound!
Okawaru accepts your kill.
Your Invocations skill increases to level 2!
There is an escape hatch in the floor here. 😕 HP[+1]
There is an escape hatch in the ceiling here.
A mysterious force pulls you upwards. The hatch slams shut behind you.
You start resting. 😎 HP[+6]
Your hp is fully restored (47).
There is an open door here.
There is an open door here.
There is a stone staircase leading down here.
You climb downwards.
There is a stone staircase leading up here.
Found a stone staircase leading down.
There is a stone staircase leading down here.
An adder comes into view.
The adder hisses angrily.
An adder is nearby!
You hit the adder. Your headbutt misses the adder.
The adder bites you but does no damage.
You miss the adder. Your headbutt misses the adder.
The adder barely misses you. The adder bites you but does no damage.
You whack the adder!
You kill the adder!
Okawaru accepts your kill.
Found a stone staircase leading down.
There is a stone staircase leading down here.
Found a stone staircase leading down.
A kobold comes into view. It is wielding a +0 short sword.
The kobold shouts!
A kobold is nearby!
You block the kobold's attack.
You miss the kobold. The kobold hits you but does no damage.
You closely miss the kobold. Your headbutt misses the kobold.
You block the kobold's attack.
You miss the kobold.
The kobold hits you with a +0 short sword. 😕 HP[-3]
You take 3 damage, and now have 44/47 hp.
You hit the kobold.
You feel better. The kobold barely misses you. 😎 HP[+3]
Your hp is fully restored (47).
You closely miss the kobold. Your headbutt misses the kobold.
The kobold hits you but does no damage.
You barely miss the kobold. You headbutt the kobold.
You kill the kobold!
Okawaru accepts your kill.
No target in view!
Things that are here:
a +0 short sword {short}; a kobold corpse
There is a stone staircase leading down here.
An ogre comes into view. It is wielding a +0 giant spiked club.
A water moccasin zombie comes into view.
You see here a scroll labelled FARREM XEICRAZ.
x - a scroll labelled FARREM XEICRAZ The ogre barely misses you.
You furiously retaliate!
You headbutt the ogre, but do no damage.
You hit the ogre. You headbutt the ogre!
The ogre hits you with a +0 giant spiked club! 😮 HP[-17]
You take 17 damage, and now have 30/47 hp.
MASSIVE DAMAGE!! (PAUSE) 😮 HP[+1] 😮 HP[+1]
There is a stone staircase leading down here.
The ogre closely misses you.
Things that are here:
a +0 short sword {short}; a kobold corpse 😮 HP[+1] 😮 HP[+1] 😮 HP[+1] 😕 HP[+1] 😕 HP[+1]
There is an open door here.
There is a dry fountain here.
There is an open door here. 😕 HP[+1]
There is an escape hatch in the ceiling here.
The ogre hits you with a +0 giant spiked club!!
Ouch! That really hurt!
* * * LOW HITPOINT WARNING * * *
A mysterious force pulls you upwards.
The hatch slams shut behind you. 😱 HP[-32]
You take 32 damage, and now have 6/47 hp.
MASSIVE DAMAGE!! (PAUSE) 😱 HP[+1]
As you read the scroll labelled FENUNT HAKHLALL, it crumbles to dust.
The creatures around you are filled with an inner flame!
It was a scroll of immolation.
The ogre hits you with a +0 giant spiked club!!
You die...

Skill      XL: |  1  2  3  4  5 |
---------------+----------------+-----
Fighting       | 4 |  4.9
Armour         | 4 |  4.8
Shields        | 4 |  4.7
Maces & Flails | 3 |  3.9
Invocations    | 1 2 |  2.1

Action                   |  1- 3 |  4- 6 || total
-------------------------+-------+-------++-------
Melee: Flail             |    48 |       ||    48
       Headbutt          |    15 |     9 ||    24
       Whip              |    52 |    29 ||    81
  Use: Scroll            |       |     1 ||     1
 Stab: Distracted        |     1 |       ||     1
Armor: Scale mail        |    37 |    10 ||    47
Dodge: Dodged            |    36 |    10 ||    46
Block: Buckler           |    22 |     6 ||    28

Levels and vault maps discovered:
D:1:      ncdulo_wetmaze, layout_basic, serial_forest,
          infiniplex_forest_lined_room_2, infiniplex_forest_straight_4,
          infiniplex_forest_clump_curved, infiniplex_forest_clump_double,
          infiniplex_forest_clump_small, infiniplex_forest_lined_room_,
          infiniplex_forest_join, chequers_serial_rivers_small_b,
          minmay_misc_feat_more_columns
D:2:      layout_loops_ring, basic_altar, grunt_decor_fettered
D:3:      layout_basic, nicolae_overflow_ecumenical_swirl,
          nicolae_uskayaw_en_pointe, shapermc_ecumenical_altar_ellora,
          nicolae_figureground_sparkle
D:4:      layout_loops_ring, mainiacjoe_overflow_surrounded_room,
          minmay_temple_entry_hall, hangedman_decor_opposing
Temple:   cyrus_circular_temple

Notes
Turn   | Place    | Note
-------+----------+-------------------------------------------
     0 | D:1      | AmazingTV the Minotaur Fighter began the quest for the Orb.
     0 | D:1      | Reached XP level 1. HP: 19/19 MP: 0/0
     0 | D:1      | magus.rc [v1.9.6]
    99 | D:1      | Reached XP level 2. HP: 24/27 MP: 1/1
   167 | D:1      | You fall into a shaft and drop 1 floor!
   167 | D:2      | Found an iron altar of Okawaru.
   181 | D:2      | Became a worshipper of Warmaster Okawaru
   214 | D:2      | You pick up a book of Decay and begin reading...
   214 | D:2      | You add the spells Corpse Rot and Dispel Undead to your
                  | library.
   226 | D:2      | Reached skill level 4 in Fighting
   226 | D:2      | Reached skill level 4 in Armour
   226 | D:2      | Reached skill level 4 in Shields
   436 | D:2      | Reached skill level 3 in Maces & Flails
   436 | D:2      | Reached XP level 3. HP: 19/33 MP: 2/2
   924 | D:2      | You pick up a book of Cantrips and begin reading...
  1792 | D:3      | Found a faded altar of an unknown god.
  1796 | D:3      | Found a sparkling altar of Nemelex Xobeh.
  1876 | D:3      | You pick up a book of Geomancy and begin reading...
  1876 | D:3      | You add the spells Sandblast, Passwall and Stone Arrow to
                  | your library.
  1906 | D:3      | Found a faded altar of an unknown god.
  2129 | D:3      | Reached skill level 1 in Invocations
  2131 | D:3      | Noticed a +0 dagger
  2131 | D:3      | Noticed a +0 dagger
  2131 | D:3      | Noticed a +0 short sword
  2131 | D:3      | Noticed a +0 spear
  2131 | D:3      | Noticed a +0 spear
  2131 | D:3      | Noticed a +0 falchion
  2132 | D:3      | Noticed a +0 falchion
  2134 | D:3      | Noticed a +0 short sword
  2138 | D:3      | Found a hide-covered altar of Uskayaw.
  2692 | D:4      | Reached XP level 4. HP: 15/41 MP: 3/3
  2892 | D:4      | Noticed a scorpion
  2967 | D:4      | Killed a scorpion
  2968 | D:4      | Reached XP level 5. HP: 40/47 MP: 3/5
  3084 | D:4      | Found a staircase to the Ecumenical Temple.
  3093 | Temple   | Entered the Ecumenical Temple
  3222 | D:4      | Noticed an ogre
  3229 | D:4      | Reached skill level 2 in Invocations
  3407 | D:4      | Noticed an ogre
  3465 | D:4      | HP: 5/47 [ogre (33)]
  3476 | D:3      | Mangled by an ogre

Vanquished Creatures
  A scorpion (D:4)
  A hound (D:4)
  A jelly (D:4)
  An iguana (D:4)
  3 adders
  An ufetubus (D:4)
  3 worms
  A dart slug (D:2)
  3 bats
  5 endoplasms
  2 giant cockroaches (D:1)
  5 hobgoblins
  3 jackals (D:1)
  5 kobolds
  2 quokkas
  A ball python (D:2)
  3 frilled lizards
  3 goblins
  3 rats
47 creatures vanquished.

Table legend:
 A = Non-vault XP
 B = Vault XP
 C = Vault XP percentage of total XP
 D = Non-vault monster count
 E = Vault monster count
 F = Vault count percentage of total count
                 A         B        C        D         E       F
            +---------+---------+-------+---------+---------+-------
      Total |     337 |       0 |   0.0 |      47 |       0 |   0.0
            +---------+---------+-------+---------+---------+-------
        D:1 |      26 |       0 |   0.0 |      15 |       0 |   0.0
        D:2 |      41 |       0 |   0.0 |      10 |       0 |   0.0
        D:3 |      28 |       0 |   0.0 |      12 |       0 |   0.0
        D:4 |     242 |       0 |   0.0 |      10 |       0 |   0.0
            +---------+---------+-------+---------+---------+-------

Illustrated notes

Table legend:
 A = Kills in this place as a percentage of kills in entire the game.
 B = Kills by you in this place as a percentage of kills by you in the entire game.
 C = Kills by friends in this place as a percentage of kills by friends in the entire game.
 D = Other kills in this place as a percentage of other kills in the entire game.
 E = Experience gained in this place as a percentage of experience gained in the entire game.
 F = Experience gained in this place divided by the number of levels of this place that you have seen.
                   A       B       C       D       E      F
               +-------+-------+-------+-------+-------+----------------------
         Total | 100.0 | 100.0 |   N/A |   N/A | 100.0 |  67.4
       Dungeon | 100.0 | 100.0 |   N/A |   N/A | 100.0 |  84.2
               +-------+-------+-------+-------+-------+----------------------

Table legend: (Time is in decaauts)
 A = Elapsed time spent in this place.
 B = Non-inter-level travel time spent in this place.
 C = Inter-level travel time spent in this place.
 D = Time resting spent in this place.
 E = Time spent auto-exploring this place.
 F = Levels seen in this place.
 G = Mean time per level.
                   A        B        C        D        E       F      G
               +--------+--------+--------+--------+--------+-----+--------+
         Total |   3499 |   3235 |    264 |    424 |   2363 |   5 |  699.8 |
       Dungeon |   3441 |   3185 |    256 |    424 |   2321 |   4 |  860.2 |
        Temple |     57 |     49 |      8 |      0 |     42 |   1 |   57.0 |
               +--------+--------+--------+--------+--------+-----+--------+

Top non-repeatable levels by time:
     D:3: 1056 daAuts
     D:2: 949 daAuts
     D:1: 849 daAuts
     D:4: 586 daAuts
  Temple: 57 daAuts
